Cogmind - Beta 13 @@@ ROGUE MODE // 2024.04.17 @ 20:56:02 Player: darki Result: Destroyed by 8R-AWN with 8R-AWN's Boregun Performance ------------- Evolutions (0) 0 Regions Visited (3) 600 Robots Destroyed (24) 120 Value Destroyed (380) 380 Prototype IDs (0) 0 Alien Tech Used (0) 0 Bonus (120) 120 TOTAL SCORE: 1220 Bonus ------- Follower Combat Kills 120 Cogmind --------- Core Integrity 0/250 Matter 143/300 Energy 95/100 System Corruption 10% Temperature Cool (0) Movement Core (400) Ox7 Location -10/Exiles Parts ------- > --- POWER (1) -------- (None) > --- PROPULSION (2) --- (None) > --- UTILITY (2) ------ Large Storage Unit > --- WEAPON (2) ------- Hammer > --- INVENTORY (15) --- Improved Heat Sink Signal Interpreter Hacking Suite Authchip [R/Combat] Authchip [R/Combat] Grenade Launcher Grenade Launcher Peak State ------------ > --- POWER ------------ Ion Engine > --- PROPULSION ------- Improved Treads Improved Treads > --- UTILITY ---------- Improved Heat Sink Small Storage Unit > --- WEAPON ----------- Particle Gun Particle Gun > --- INVENTORY -------- Ion Engine Improved Treads Improved Treads Hacking Suite Particle Gun Grenade Launcher Grenade Launcher Hammer [Rating: 14] Favorites ----------- Power Ion Engine Engine Ion Engine Propulsion Improved Treads Treads Improved Treads Leg Aluminum Leg Utility Large Storage Unit Device Improved Heat Sink Storage Large Storage Unit Protection Light Armor Plating Weapon Particle Gun Energy Gun Particle Gun Ballistic Gun Light Assault Rifle Ballistic Cannon Light Cannon Launcher Grenade Launcher Impact Weapon Hammer Build | -11 -10 -10 -10 ------- Run | Yrd Mat Min Exi Slots Evolved . | . . . . Power . | . . . . Propulsion . | . . . . Utility . | . . . . Weapon . | . . . . Parts Attached 30 | . 18 4 8 Power 1 | . 1 . . Engine 1 | . 1 . . Core . | . . . . Reactor . | . . . . Propulsion 9 | . 7 1 1 Treads 9 | . 7 1 1 Leg . | . . . . Wheel . | . . . . Hover . | . . . . Flight . | . . . . Utility 6 | . 4 1 1 Device 4 | . 3 1 . Storage 1 | . 1 . . Processor . | . . . . Hackware . | . . . . Protection 1 | . . . 1 Artifact . | . . . . Weapon 14 | . 6 2 6 Energy Gun 6 | . 6 . . Energy Cannon . | . . . . Ballistic Gun . | . . . . Ballistic Cannon 4 | . . 1 3 Launcher 3 | . . 1 2 Special Weapon . | . . . . Impact Weapon 1 | . . . 1 Slashing Weapon . | . . . . Piercing Weapon . | . . . . Special Melee Weapon . | . . . . Unidentified Prototypes . | . . . . Parts Lost 9 | . 1 2 6 Power 1 | . . . 1 Propulsion 4 | . . 1 3 Utility 2 | . 1 . 1 Weapon 2 | . . 1 1 Highest Loss Streak 4 | . 1 1 4 To Critical Strikes 1 | . . . 1 Average Slot Usage (%) 91 | . 98 99 73 Engine 13 | . 14 14 13 Treads 25 | . 23 27 26 Leg 2 | . 4 . . Device 12 | . 13 14 11 Storage 14 | . 14 14 14 Energy Gun 16 | . 25 19 . Ballistic Gun 1 | . 2 . . Ballistic Cannon 2 | . . 8 2 Naked Turns . | . . . . Heaviest Build 34 | 13 32 32 34 Greatest Support 46 | 20 46 46 46 Greatest Overweight (x) 1 | . 1 1 . Average Overweight (x) . | . . . . Largest Inventory Capacity 15 | . 15 15 15 Average Capacity 12 | . 10 15 15 Most Carried 15 | . 13 13 15 Average Carried 10 | . 8 11 12 Final Capacity 15 | 8 15 15 15 Final Carried 13 | 6 13 11 7 Class Distribution -------------------- 100% | Mutant Dominant Class ---------------- Mutant | -10/Materials Mutant | -10/Mines Mutant | -10/Exiles Resources | -11 -10 -10 -10 ----------- Run | Yrd Mat Min Exi Matter Collected 551 | 200 171 156 24 Remotely . | . . . . Salvage Created 603 | . 544 57 2 Parts 46 | . 33 13 . Haulers Intercepted 2 | . 2 . . Recyclers Shooed . | . . . . Parts Field Recycled . | . . . . Retrieved Matter . | . . . . Parts Self-Destructed . | . . . . Prevented . | . . . . Kills | -11 -10 -10 -10 ------- Run | Yrd Mat Min Exi Combat Hostiles Destroyed 18 | . 9 6 3 Guns 12 | . 9 3 . AOE 6 | . . 3 3 Classes Destroyed 8 | . 6 1 1 Worker 3 | . 3 . . Builder 1 | . . 1 . Hauler 2 | . 2 . . Operator 1 | . 1 . . Watcher 2 | . 2 . . Swarmer 9 | . 3 6 . Grunt 6 | . 6 . . Assembled 3 | . . . 3 Best Kill Streak 3 | . 3 3 3 Combat Bots Only 3 | . 3 3 3 Max Kills in Single Turn 2 | . 1 2 2 Gunslinging 1 | . . 1 . Exploded 2 | . . 2 2 Melee . | . . . . Uniques/NPCs Destroyed . | . . . . Combat | -11 -10 -10 -10 -------- Run | Yrd Mat Min Exi Hostile Shots Fired 159 | . 55 35 69 Missed 46 | . 14 9 23 Damage Taken 1633 | . 501 241 891 Core 259 | . 59 22 178 Absorbed by Shields . | . . . . Core Remaining (%) 100 | 100 . . . Volleys Fired 64 | . 52 9 3 Largest 2 | . 2 2 2 Hottest 130 | . 130 130 60 Shots Fired 128 | . 104 19 5 Gun 119 | . 104 15 . Cannon 3 | . . 2 1 Launcher 6 | . . 2 4 Special . | . . . . Kinetic 17 | . 14 2 1 Thermal 91 | . 76 15 . Explosive 6 | . . 2 4 Electromagnetic 14 | . 14 . . Robot Hit Streak 8 | . 8 5 . Robot Miss Streak 6 | . 6 4 . Penetration Max . | . . . . Secondary Targets 3 | . 1 2 . Max Gunslinging Chain 1 | . 1 1 . Shots Hit Robots 89 | . 57 7 25 Core Hits 42 | . 24 8 10 Critical Kills . | . . . . Critical Parts Destroyed 1 | . . . 1 Critical Strikes 2 | . 1 . 1 Burn 1 | . 1 . . Smash 1 | . . . 1 Melee Attacks 35 | . . . 35 Impact 35 | . . . 35 Slashing . | . . . . Piercing . | . . . . Sneak Attacks . | . . . . Combat Hostiles . | . . . . Follow-up Attacks . | . . . . Damage Inflicted 1851 | . 820 177 854 Guns 896 | . 820 76 . Cannons 36 | . . 36 . Explosions 301 | . . 65 236 Melee 618 | . . . 618 Ramming . | . . . . Kinetic 74 | . 38 36 . Thermal 722 | . 646 76 . Explosive 301 | . . 65 236 Electromagnetic 136 | . 136 . . Impact 618 | . . . 618 Slashing . | . . . . Piercing . | . . . . Highest Corruption 10 | . 10 10 10 Average Corruption 9 | . 9 10 10 Corruption Purged . | . . . . Corruption Blocked . | . . . . Effects 87 | . 26 32 29 Message Errors 26 | . 6 9 11 Matter Fused 22 | . 4 8 10 Heat Flow Errors 7 | . 2 2 3 Energy Discharges 15 | . 7 5 3 Parts Fused 2 | . . 2 . Data Loss (minor) 8 | . 4 2 2 Data Loss (major) 4 | . 2 2 . Misfires 1 | . . 1 . Alerts 2 | . 1 1 . Overload Shots . | . . . . Overflow Damage 49 | . . . 49 Projectiles . | . . . . Explosions . | . . . . Melee 49 | . . . 49 Knockbacks . | . . . . Impact . | . . . . Kinetic . | . . . . Secondary . | . . . . Self-Inflicted Damage . | . . . . Shots . | . . . . Rammed . | . . . . Targets Rammed . | . . . . Kicked . | . . . . Crushed . | . . . . Highest Temperature 414 | . 345 414 255 Average Temperature 102 | . 92 141 81 Received Heat Transfer 294 | . 255 30 9 Effects 1 | . . 1 . Energy Bleed 1 | . . 1 . Siege Activations . | . . . . Robots Corrupted . | . . . . Combat Hostiles . | . . . . Parts Fried . | . . . . Impact Corruptions 4 | . . . 4 Robots Melted . | . . . . Combat Hostiles . | . . . . Parts Melted 1 | . 1 . . Heat Transferred 1850 | . 1665 185 . Parts Sabotaged . | . . . . Parts Stolen . | . . . . Parts Stripped . | . . . . Power Chain Reactions . | . . . . Alert | -11 -10 -10 -10 ------- Run | Yrd Mat Min Exi Peak Influence 167 | . 167 149 . Initial . | . . . . Average 58 | . 52 70 . Maximum Alert Level . | . . . . Low Security (%) 100 | . 100 100 . Level 1 . | . . . . Level 2 . | . . . . Level 3 . | . . . . Level 4 . | . . . . Level 5 . | . . . . High Security . | . . . . Max Security . | . . . . Squads Dispatched 1 | . 1 . . Investigation . | . . . . Extermination . | . . . . Reinforcement 1 | . 1 . . Assault . | . . . . Garrison . | . . . . Intercept . | . . . . Searches Triggered . | . . . . Construction Impeded . | . . . . Haulers Reinforced . | . . . . Active Scanning Responses . | . . . . Cargo Convoy Interrupts . | . . . . Stealth | -11 -10 -10 -10 --------- Run | Yrd Mat Min Exi Distress Signals 2 | . 2 . . Communications Jammed . | . . . . Distress Signals . | . . . . Times Spotted 35 | . 19 8 8 Peak Tracking Total 9 | . 3 3 9 Tactical Retreats . | . . . . Traps | -11 -10 -10 -10 ------- Run | Yrd Mat Min Exi Traps Triggered 8 | . 8 . . Indirectly . | . . . . Trap Hack Attempts . | . . . . Triggered . | . . . . Disarmed . | . . . . Reprogrammed . | . . . . Reused . | . . . . Traps Extracted . | . . . . Installed . | . . . . Triggered . | . . . . Machines | -11 -10 -10 -10 ---------- Run | Yrd Mat Min Exi Machines Disabled 3 | . . . 3 Max in Single Turn 1 | . . . 1 Machines Repaired . | . . . . Machines Dismantled . | . . . . Machines Sabotaged . | . . . . Overloaded Fab Kills . | . . . . Hacking | -11 -10 -10 -10 --------- Run | Yrd Mat Min Exi Machines Accessed 1 | . . . 1 Terminals . | . . . . Fabricators . | . . . . Repair Stations . | . . . . Recycling Units . | . . . . Scanalyzers . | . . . . Garrison Access . | . . . . Total Hacks 4 | . . . 4 Successful 4 | . . . 4 Failed . | . . . . Catastrophic . | . . . . Database Lockouts . | . . . . Manual . | . . . . Terminals . | . . . . Fabricators . | . . . . Repair Stations . | . . . . Recycling Units . | . . . . Scanalyzers . | . . . . Garrison Access . | . . . . Terminal Hacks 4 | . . . 4 Record 4 | . . . 4 Fabricator Hacks . | . . . . Repair Station Hacks . | . . . . Recycling Unit Hacks . | . . . . Scanalyzer . | . . . . Garrison Access Hacks . | . . . . Unauthorized Hacks . | . . . . Terminals . | . . . . Fabricators . | . . . . Repair Stations . | . . . . Recycling Units . | . . . . Scanalyzers . | . . . . Garrison Access . | . . . . Data Cores Recovered 1 | . 1 . . Used . | . . . . Hacking Detections . | . . . . Full Trace Events . | . . . . Feedback Events . | . . . . Feedback Blocked . | . . . . Robot Schematics Acquired . | . . . . Robots Built . | . . . . Authchips . | . . . . Time . | . . . . Total Robot Build Rating . | . . . . Part Schematics Acquired . | . . . . Parts Built . | . . . . Authchips . | . . . . Time . | . . . . Total Part Build Rating . | . . . . Parts Repaired . | . . . . Time . | . . . . Parts Recycled . | . . . . Recycled Matter . | . . . . Retrieved Matter . | . . . . Retrieved Components . | . . . . Parts Scanalyzed . | . . . . Part Schematics Acquired . | . . . . Parts Damaged . | . . . . Bothacking | -11 -10 -10 -10 ------------ Run | Yrd Mat Min Exi Used RIF Installer . | . . . . Robots Hacked . | . . . . Non-combat . | . . . . Combat . | . . . . Robot Hacks Applied . | . . . . Relay Couplers Released . | . . . . Fabnet Peak Effective % . | . . . . Robots Rewired . | . . . . Allies Hacked . | . . . . Hacks Repelled . | . . . . Allies | -11 -10 -10 -10 -------- Run | Yrd Mat Min Exi Total Allies 3 | . . 3 . Largest Group 3 | . . 3 2 Highest-Rated Group 40 | . . 40 32 Highest-Rated Ally 16 | . . 16 16 Total Orders 1 | . . . 1 STAY 1 | . . . 1 Ally Attacks 35 | . . 15 20 Total Damage 275 | . . 184 91 Kills 6 | . . 4 2 Allies Corrupted . | . . . . Allies Melted . | . . . . Intel | -11 -10 -10 -10 ------- Run | Yrd Mat Min Exi Robot Analysis Total . | . . . . Derelict Logs Recovered . | . . . . Drone Launches . | . . . . Drone Recoveries . | . . . . Exploration | -11 -10 -10 -10 ------------- Run | Yrd Mat Min Exi Turns Passed 3379 | . 1636 802 941 Spaces Moved 1880 | 1 912 475 492 Core . | . . . . Treads 1692 | . 725 475 492 Legs 188 | 1 187 . . Wheels . | . . . . Hover . | . . . . Flight . | . . . . Fastest Speed 120 | 120 120 160 160 Average Speed 156 | 120 151 161 160 Slowest Speed 240 | 120 240 240 160 Overloaded Moves . | . . . . Propulsion Burnouts . | . . . . Robots Hopped . | . . . . Cave-ins Triggered . | . . . . Exploration Rate (%) 61 | 2 96 98 49 Regions Visited 3 Branch Regions 2 Pre-discovered Areas 1 | . . . 1 Known Exits Taken . | . . . . Unknown Exits Taken 3 | 1 1 1 . Scrap Searched 1 | . . 1 . Spaces Dug . | . . . . Terrain Destroyed 31 | . . 17 14 Melee . | . . . . Projectile . | . . . . AOE 31 | . . 17 14 Terrain Rammed . | . . . . Walls Destroyed . | . . . . Machines Disabled . | . . . . Actions | -11 -10 -10 -10 --------- Run | Yrd Mat Min Exi Total 2141 | . 1062 493 586 Wait 90 | . 53 5 32 Move 1877 | . 911 474 492 Hop . | . . . . Pick Up 20 | . 15 . 5 Fast Attach 16 | . 15 1 . Attach 8 | . . 2 6 Detach 3 | . . . 3 Swap 6 | . 3 1 2 Drop 22 | . 13 1 8 Fire 64 | . 52 9 3 Melee 35 | . . . 35 Ram . | . . . . Kick . | . . . . Crush . | . . . . Escape Stasis . | . . . . Rewire . | . . . . Trap . | . . . . Miscellaneous . | . . . . Route ------- -11/Scrapyard -10/Materials (discovered 4 exits: [*Mat x3] / [*Min]) -10/Mines (discovered 3 exits: [*Mat x2] / *Exi) -10/Exiles History --------- Turn | Location | Event 1 | -11/Scrapyard | Discovered new exit (range 0) 1 | -11/Scrapyard | Entered Materials 104 | -10/Materials | Discovered new exit (range 10) 249 | -10/Materials | Discovered new exit (range 15) 327 | -10/Materials | Build established: Mutant 816 | -10/Materials | Discovered new exit (range 6) 881 | -10/Materials | System corruption reached 10% 1302 | -10/Materials | Discovered new exit (range 16) 1637 | -10/Materials | Entered Mines 1705 | -10/Mines | Discovered new exit (range 12) 1842 | -10/Mines | Assisted by bots powering up and referring to "LRC-V3" 1977 | -10/Mines | Discovered new exit (range 11) 2431 | -10/Mines | Deemed a non-threat by the Exiles lab entrance 2433 | -10/Mines | Discovered new exit (range 5) 2439 | -10/Mines | Entered Exiles 2439 | -10/Exiles | Accompanied by 2 allies 2488 | -10/Exiles | Met 8R-AWN 2514 | -10/Exiles | Met EX-HEX 2575 | -10/Exiles | Met EX-DEC 2589 | -10/Exiles | Learned location of Zion (-6) 3193 | -10/Exiles | Attacked by the Exiles 3228 | -10/Exiles | Core integrity fell below 50% 3348 | -10/Exiles | Core integrity fell below 20% 3360 | -10/Exiles | Lost 4 parts (1p2n1u) 3380 | -10/Exiles | Destroyed by 8R-AWN with 8R-AWN's Boregun Last Messages --------------- 03355_ HV Slug penetrates Wall. 03355_ Penetrated by HV Slug. 03356_ USDBLXH/VNMB,FDUI=AJN,CU13 03360_ Penetrated by HV Slug. 03360_ Critical hit (Destroy). 03360_ Lgt. Cannon destroyed. 03360_ HV Slug penetrates Wall. 03364_ Penetrated by HV Slug. 03372_ HV Slug penetrates Wall. 03372_ Penetrated by HV Slug. 03372_ Imp. Treads destroyed. 03377_ HV Slug penetrates Wall. 03377_ Penetrated by HV Slug. 03377_ Destroyed Prototype Device. 03377_ 8R-AWN system corrupted by crushing effect. 03378_ Wall collapses. 03380_ Destroyed Prototype Protection. 03380_ 8R-AWN system corrupted by crushing effect. 03380_ HV Slug penetrates Wall. 03380_ Penetrated by HV Slug. Map ----- +----------------------------------------------------+ | ?????????????????????????????????????????????????? | | ?????????????????????????????????????????????????? | | ?????????????????????????????????????????????????? | | ?????????????????????????????????????????????????? | | ?????????????????????????????????????????????????? | | ?????????????????????????????????????????????????? | | ?????????????????????????????????????????????????? | | ?????????????????????????????????????????????????? | | ?????????????????????????????????????????????????? | | ?????????????????????????????????????????????????? | | ????????????????????????? ???????????????????????? | | ?????????????? ?????????? ???#######?????????????? | | ?????????????? ######??? ???#!!! "#?????????????? | | ????????????? #""#?? ???# "#?????????????? | | ????????????? ?? ???# "#?????????????? | | ?????????????" #? ??## ""# ???????????## | | ?????????????" #;###" "";#??????????? | | ??????????????# ##" " #????????????" | | ???????????????# #"" ;#?????????????" | | ??????????????????# ] #?????????????"" | | ??????????????????#;?# ] ##????????????"" | | ???????????????????# ### "##??????????? | | ???????????????#;####;#" % "##???????????" | | ???????????????# !! "" ##??????????# | | ???????????????#! = ### % # #??### | | ???????????????#! !% @ #?#" ####X# | | ???????????????#! !% g##?#" | | ??????????????#; = "###??##"# | | ?????????????# ##########?????#### | | ?????????????????????????????????## | | ??????????????????????????????????? | | ???????????????????????????????????? ## | | ????????????????????????????????????#### | | ???????????????????????????????????????##" | | ????????????????????????????????????????#""" | | ????????????????????????????????????????#" | | ???????????????????????????????????????#"" | | ???????????????????????????????????????#""" | | ???????????????????????????????????????""" | | ???????????????????????????????????????""" | | ????????????????????????????????????????" | | ????????????????????????????????????????"" | | ???????????????????????????????????????"" | | ????????????????????????????????????????"" | | ?????????????????????????????????????????""" | | ?????????????????????????????????????????? | | ???????????????????????????????????????????? | | ????????????????????????????????????????????????? | | ?????????????????????????????????????????????????? | | ?????????????????????????????????????????????????? | +----------------------------------------------------+ Best States ------------- Heat Dissipation 39 Energy Generation 10 Energy Capacity 250 Matter Stores 300 Matter Capacity 300 Sight Range 16 Robot Scan Range 14 Terrain Scan Density 10 Armor Coverage 150 Evasion (%) 55 Recoil Reduction 2 Authchip Count 2 Item Schematics ----------------- None Robot Schematics ------------------ None Fabricated ------------ Nothing Alien Tech Used ----------------- None Achievements -------------- None Challenges ------------ None Game ------ Seed ZhirovExplosiveStick Manual? 0 Play Time 00:16:52 Cumulative 220.9 hours Start 2024.04.17 @ 20:43:12 End 2024.04.17 @ 20:56:02 Sessions 1 Manual Loads 0 Difficulty Rogue Special Mode None Game No. 220 Rogue 220 Adventurer 0 Explorer 0 Win Type - Total 6 Types 4/0/0/1/1/0/0/0/0 Lore% 69 Gallery% 78 Achievement% 65 Wizard Run 0 Options --------- Layout 0 ASCII 0 Keyboard 0 Movement Numpad Keybinds 0 Fullscreen 2 Font 18/SmallcapsGlow Map View 76x50 Zoom Use 0% Tactical HUD 1 Map Filters NONE Filters NONE Steam 1 RUN: f9dbc404-c314-4da5-add8-35dfae649b34